 Dungeon Crawl Stone Soup version 0.32-a0-43-g058985b245 (webtiles) character file.

Game seed: 17473038455946805662

282 Ofeo the Digger (level 6, -15/32 HPs)
             Began as a Kobold Earth Elementalist on Feb 4, 2024.
             Killed by a malign offering
             ... invoked by a burial acolyte
              (16 damage)
             ... in an ossuary.
             The game lasted 00:05:05 (4261 turns).

Ofeo the Digger (Kobold Earth Elementalist)         Turns: 4261, Time: 00:05:05

Health: -15/32     AC:  6    Str:  5    XL:     6   Next: 54%
Magic:  0/12       EV: 16    Int: 16    God:
Gold:   191        SH:  0    Dex: 18    Spells: 6/13 levels left

rFire   . . .        a - +0 short sword
rCold   . . .        (no shield)
rNeg    . . .        d - +0 robe
rPois   .            l - +2 helmet {SInv}
rElec   .            (no cloak)
rCorr   +            (no gloves)
SInv    +            n - +0 pair of boots
Will    .....        (no amulet)
Stlth   ++++         k - ring of resist corrosion
HPRegen 0.25/turn    m - ring of flight
MPRegen 0.13/turn

%: no passive effects
@: brilliant, flying
A: small, no large weapons, nightstalker 3
a: no special abilities


You were in an ossuary.
You visited 1 branch of the dungeon, and saw 4 of its levels.
You also visited: Ossuary.

You collected 191 gold pieces.

Inventory:

Hand Weapons
 a - a +0 short sword (weapon)
 b - a +0 sling of flaming
Armour
 d - a +0 robe (worn)
 l - a +2 helmet of see invisible (worn)
 n - a +0 pair of boots (worn)
Jewellery
 k - a ring of resist corrosion (left hand)
 m - a ring of flight (right hand)
Scrolls
 c - 2 scrolls of teleportation {@r3}
 e - 2 scrolls of amnesia
 f - a scroll of revelation {unknown}
Potions
 g - 2 potions of attraction
 o - a potion of magic


   Skills:
 - Level 3.4 Dodging
 - Level 4.0 Stealth
 + Level 4.0 Spellcasting
 - Level 2.2 Conjurations
 + Level 4.5 Earth Magic


You had 6 spell levels left.
You knew the following spells:

 Your Spells              Type           Power      Damage    Failure   Level
a - Sandblast             Erth           52%        2d12      2%          1
b - Passwall              Erth           26%        N/A       8%          3
c - Stone Arrow           Conj/Erth      42%        3d9       13%         3

Your spell library contained the following spells:

 Spells                   Type           Power      Damage    Failure   Level
 Magic Dart               Conj           60%        1d6       7%          1
 Sting                    Conj/Alch      40%        1d5       11%         1
 Blink                    Tloc           8%         N/A       26%         2
 Call Imp                 Summ           8%         N/A       26%         2
 Ensorcelled Hibernation  Hex/Ice        8%         N/A       26%         2
 Scorch                   Fire           8%         2d5       26%         2
 Brom's Barrelling Bould  Conj/Erth      21%        2d4       38%         4
 Fugue of the Fallen      Necr           4%         N/A       45%         3
 Petrify                  Alch/Erth      15%        N/A       54%         4
 Flame Wave               Conj/Fire      10%        2d6       71%         4
 Anguish                  Hex/Necr       2%         N/A       86%         4
 Summon Cactus Giant      Summ           2%         N/A       100%        6


Dungeon Overview and Level Annotations

Branches:
Dungeon (4/15)            Ossuary (1/1)
 Temple: D:4-7

Altars:


Innate Abilities, Weirdness & Mutations

You are small and have problems with some larger weapons.
You are completely attuned to the shadows.


Message History

The burial acolyte hits you but does no damage.
You closely miss the burial acolyte.
The burial acolyte is severely wounded.
The burial acolyte hits you with a +0 dagger.
* * * LOW HITPOINT WARNING * * *
You take 3 damage, and have 5/32 hp.
You hit the burial acolyte but do no damage.
The burial acolyte is severely wounded.
You hit the burial acolyte but do no damage.
The burial acolyte is severely wounded.
The burial acolyte hits you with a +0 dagger.
* * * LOW HITPOINT WARNING * * *
You take 2 damage, and have 3/32 hp.
Casting: Sandblast (safe; 2% risk of failure)
Confirm with . or Enter, or press ? or * to list all spells.
Aiming: Sandblast (safe; 2% risk of failure)
Press: ? - help, Shift-Dir - straight line, f/p - burial acolyte
Aim: a burial acolyte, wielding a +0 dagger and wearing a +0 robe (severely wounded, 76% to hit)
You feel a surge of power!
The blast of sand misses the burial acolyte.
You feel yourself slow down.
The burial acolyte hits you but does no damage.
You now have 0/12 mp.
There is an open door here.
The burial acolyte attacks as it pursues you!
The burial acolyte hits you with a +0 dagger.
* * * LOW HITPOINT WARNING * * *
You take 2 damage, and have 1/32 hp.
You hit the burial acolyte but do no damage.
The burial acolyte is severely wounded.
The burial acolyte hits you but does no damage.
You closely miss the burial acolyte.
The burial acolyte is severely wounded.
The burial acolyte closely misses you.
You hit the burial acolyte.
The burial acolyte is almost dead.
The burial acolyte utters a dark prayer and points at you.
Your life force is offered up.
Ouch! That really hurt!
You die...

##+## #...#
#...# #...#
#...# ##p##
#.@.#
#...#####
#...#...#??
#...'.∩.#?(
#∩..#...#!!
#########


You could see a burial acolyte.

Vanquished Creatures
  2 water moccasin zombies (Ossuary)
  An orc priest (D:3)
  An orc wizard (D:3)
  A crocodile zombie (Ossuary)
  3 adders
  A ribbon worm zombie (D:4)
  2 ribbon worms (D:2)
  2 dart slugs (D:2)
  7 orcs (D:3)
  5 bats
  4 endoplasms
  3 giant cockroaches
  2 gnoll zombies (Ossuary)
  3 goblins
  2 hobgoblins
  2 jackals (D:1)
  4 quokkas
  2 ball pythons (D:1)
  3 frilled lizards
  7 kobolds
  4 rats
61 creatures vanquished.

Notes
Turn   | Place    | Note
-------+----------+-------------------------------------------
     0 | D:1      | Ofeo the Kobold Earth Elementalist began the quest for the
                  | Orb.
     0 | D:1      | Reached XP level 1. HP: 10/10 MP: 3/3
   431 | D:1      | Reached XP level 2. HP: 15/15 MP: 3/5
  1513 | D:2      | Reached XP level 3. HP: 12/19 MP: 0/6
  1916 | D:2      | Identified the +0 ring mail of Nofaofim {rCorr Str+3}
  2345 | D:2      | Reached XP level 4. HP: 24/24 MP: 5/7
  2554 | D:2      | Learned a level 3 spell: Passwall
  2558 | D:2      | Learned a level 3 spell: Stone Arrow
  2627 | D:3      | Found a faded altar of an unknown god.
  2632 | D:3      | Got Plato's Compendium of Synthesis
  2752 | D:3      | Reached XP level 5. HP: 11/28 MP: 1/9
  4037 | D:4      | Found a sand-covered staircase.
  4056 | Ossuary  | Entered an ossuary
  4205 | Ossuary  | Reached XP level 6. HP: 11/32 MP: 2/11
  4258 | Ossuary  | HP: 1/32 [burial acolyte/+0 dagger (3)]
  4261 | Ossuary  | Killed from afar by a burial acolyte

Illustrated notes

Levels and vault maps discovered:
D:1:      dpeg_arrival_water_temple_mockup, layout_loops_ring
D:2:      layout_rooms, due_unseen_surprise
D:3:      layout_basic, shapermc_ecumenical_altar_rom_forum,
          amcnicky_mini_rare_corridor_liquid
D:4:      layout_basic, nicolae_overflow_hidden_temple, enter_ossuary_3,
          hangedman_abyss_or_decor_passed, uniq_menkaure
Ossuary:  ossuary_tomb_2

Skill      XL: |  1  2  3  4  5  6 |
---------------+-------------------+-----
Stealth        | 3 4 |  4.0
Dodging        | 3 |  3.4
Conjurations   | 2 |  2.2
Spellcasting   | 3 4 |  4.0
Earth Magic    | 4 |  4.5

Action                     |  1- 3 |  4- 6 || total
---------------------------+-------+-------++-------
  Melee: Unarmed           |     1 |       ||     1
         Short sword       |       |    30 ||    30
   Cast: Sandblast         |    51 |    73 ||   124
         Passwall          |       |     2 ||     2
         Stone Arrow       |       |     1 ||     1
    Use: Scroll            |     3 |     4 ||     7
         Potion            |       |     4 ||     4
 Armour: Robe              |    10 |    40 ||    50
  Dodge: Dodged            |    10 |    35 ||    45

Table legend: (Time is in decaauts)
 A = Elapsed time spent in this place.
 B = Non-inter-level travel time spent in this place.
 C = Inter-level travel time spent in this place.
 D = Time resting spent in this place.
 E = Time spent auto-exploring this place.
 F = Levels seen in this place.
 G = Mean time per level.
                   A        B        C        D        E       F      G
               +--------+--------+--------+--------+--------+-----+--------+
         Total |   4306 |   4038 |    268 |    298 |   3316 |   5 |  861.2 |
       Dungeon |   4106 |   3838 |    268 |    185 |   3316 |   4 | 1026.5 |
       Ossuary |    199 |    199 |      0 |    113 |      0 |   1 |  199.0 |
               +--------+--------+--------+--------+--------+-----+--------+

Top non-repeatable levels by time:
     D:1: 1519 daAuts
     D:3: 1299 daAuts
     D:2: 1135 daAuts
 Ossuary: 199 daAuts
     D:4: 152 daAuts
